Build Orders - Match 35378397 - cohdb - Company of Heroes 3 Replays
cohdb
Replays
Latest Replays
All Replays
Popular Replays
Top Player Replays
Match Explorer
How It Works
Community
CoH3 Stats
Reddit
Sign in to upload your games and track your stats! →
Sign in with Steam
Match 35378397
Unlisted
Match 35378397
Overview
Messages
Build Orders
End
Construct Infanterie Kompanie
MG 42 Machine Gun Team
MG 42 Machine Gun Team
Grenadier Squad
Pioneer Squad
Infanterie Officer Quarters
Pioneer Squad
Medical Bunker
Construct Panzergrenadier Kompanie
Pioneer Squad
Panzergrenadier Squad
Forward Retreat Point
Selects Mechanized Battlegroup
Selects Mobile Repair Stations
Selects Wespe Self-propelled Artillery
Wespe Self-propelled Artillery
Construct Panzer Kompanie
Selects Zeroing Artillery Barrage
Zeroing Artillery Barrage
Sturmpanzer IV Brummbär
Stoßtruppen Squad
Stoßtruppen Squad
Selects Raid Package
Selects StuG Assault Group
Selects UNKNOWN (2160084)
Panzer Officer Quarters
Stoßtruppen Squad
尛傻瓜
皮皮
75642135468
(♡◕ω◕♡)
魂归来兮
我的臭脚随莱闻
MY:OATZ
OKM
0
0
Comments
sign in to comment!
No comments posted yet!